[Event "*** Titled Tuesday Blitz"]
[Site "Chess.com"]
[Date "2021.02.09"]
[Round "8"]
[White "AlexSuv"]
[Black "Vesper2018"]
[Result "0-1"]
[WhiteElo "2448"]
[BlackElo "2589"]
[TimeControl "180+1"]
[EndTime "11:27:05 PST"]
[Termination "Vesper2018 won by resignation"]

1. d4 Nf6 2. c4 g6 3. Nc3 Bg7 4. e4 d6 5. Nf3 O-O 6. Be2 e5 7.
Be3 Ng4 8. Bg5 f6 9. Bh4 Nc6 10. d5 Ne7 11. Nd2 Nh6 12. f3 c5 13. a3 g5 14. Bf2 f5 15. b4 b6 16. Nb3 Ng6 17. g3 g4 18. fxg4 Nxg4 19. O-O Nxf2 20. Rxf2 f4 21.
Bg4 fxg3 22. Rxf8+ Bxf8 23. Be6+ Bxe6 24. dxe6 Qh4 25.
Qe2 Nf4 26. Qd2 Bh6 0-1

[Event "*** Titled Tuesday Blitz"]
[Site "Chess.com"]
[Date "2021.02.09"]
[Round "8"]
[White "niki_2003"]
[Black "wisdomboy"]
[Result "0-1"]
[WhiteElo "2035"]
[BlackElo "2346"]
[TimeControl "180+1"]
[EndTime "11:27:05 PST"]
[Termination "wisdomboy won by resignation"]

1. d4 Nf6 2. c4 g6 3. Nc3 d5 4. cxd5 Nxd5 5. e4 Nxc3 6. bxc3 Bg7 7. Be3 c5 8. Bc4 O-O 9. Ne2 Nc6 10. f3 Qc7 11. O-O Rd8 12. Qb3 e6 13. dxc5 Na5 14. Qa4 b6 15. Rab1 bxc5 16. Rb5 Bd7 17. Qxa5 Qd6 18.
Rb2 Rdb8 19. Rd2 Qe7 20. Bxc5 Qe8 21. Bd6 Rb6 22. Bc5 Rb7 23. Ba6 Rbb8 24. Qc7 Bb5 25.
Bb7 Rd8 26. Bd6 Rab8 27. c4 Bxc4 28. Bc6 Rbc8 29. Qb7 Qxc6 30. Qxc6 Rxc6 31. Rfd1 Bxe2 32. Rxe2 Rcxd6 0-1

[Event "*** Titled Tuesday Blitz"]
[Site "Chess.com"]
[Date "2021.02.09"]
[Round "8"]
[White "Reader777"]
[Black "Beca95"]
[Result "1/2-1/2"]
[WhiteElo "2822"]
[BlackElo "2909"]
[TimeControl "180+1"]
[EndTime "11:27:09 PST"]
[Termination "Game drawn by repetition"]

1. d4 Nf6 2. c4 c5 3. d5 e6 4. Nc3 exd5 5. cxd5 d6 6. e4 g6 7. f4 Bg7 8. Nf3 O-O 9. Be2 Nbd7 10. O-O Re8 11. Nd2 c4 12. e5 dxe5 13. Nxc4 Nb6 14. fxe5 Nfxd5 15. Nd6 Nxc3 16. bxc3 Rxe5 17. Nxf7 Qxd1 18.
Bxd1 Rf5 19. Bb3 Rxf1+ 20. Kxf1 h5 21. Ng5+ Kh8 22. Nf7+ Kg8 23. Be3 Bf5 24. Ng5+ Kh8 25. Nf7+ Kg8 26. Ng5+ Kh8 27. Nf7+ Kh7 28. Ng5+ Kh8 1/2-1/2

[Event "*** Titled Tuesday Blitz"]
[Site "Chess.com"]
[Date "2021.02.09"]
[Round "8"]
[White "sopo-tereladze"]
[Black "SanchezKelvin"]
[Result "0-1"]
[WhiteElo "2289"]
[BlackElo "2445"]
[TimeControl "180+1"]
[EndTime "11:27:12 PST"]
[Termination "SanchezKelvin won on time"]

1. d4 Nf6 2. Nf3 c5 3. Bf4 d5 4. c3 Nc6 5. e3 Qb6 6. b3 Bf5 7.
Bd3 Bxd3 8. Qxd3 e6 9. O-O Rc8 10. Nbd2 cxd4 11. exd4 Ba3 12. Rab1 a5 13. Ne5 Be7 14.
Rbc1 O-O 15. Bg5 Rfd8 16. Rfe1 h6 17. Bh4 Qc7 18. Re3 Nxe5 19. dxe5 Ne8 20. Bg3 Bg5 21.
f4 Be7 22. Kh1 d4 23. Re2 dxc3 0-1

[Event "*** Titled Tuesday Blitz"]
[Site "Chess.com"]
[Date "2021.02.09"]
[Round "8"]
[White "KruHor"]
[Black "CzechmVIII"]
[Result "0-1"]
[WhiteElo "2528"]
[BlackElo "2262"]
[TimeControl "180+1"]
[EndTime "11:27:15 PST"]
[Termination "CzechmVIII won by checkmate"]

1. e4 c5 2. Nf3 d6 3. d4 cxd4 4.
Nxd4 Nf6 5. Nc3 g6 6. Be2 Bg7 7. h4 h5 8. Bg5 Nc6 9. Nb3 a5 10. a4 Nb4 11. Qd2 O-O 12. O-O-O Be6 13. Nd4 Rc8 14. Nxe6 fxe6 15. f3 Qd7 16. Bb5 Qc7 17. g4 hxg4 18. h5 gxf3 19. hxg6 Nxe4 20. Qe3 Na2+ 21.
Kb1 Naxc3+ 22. bxc3 Nxc3+ 23. Kc1 Na2+ 24. Kd2 Qxc2+ 25.
Ke1 Bc3+ 26. Kf1 Qg2# 0-1

[Event "*** Titled Tuesday Blitz"]
[Site "Chess.com"]
[Date "2021.02.09"]
[Round "8"]
[White "InitiatingASC"]
[Black "Michaelson_11"]
[Result "1-0"]
[WhiteElo "2414"]
[BlackElo "2281"]
[TimeControl "180+1"]
[EndTime "11:27:16 PST"]
[Termination "InitiatingASC won by resignation"]

1. Nf3 Nf6 2. g3 g6 3. Bg2 Bg7 4. O-O O-O 5. d3 d6 6. c4 Nbd7 7. Nc3 e5 8. Rb1 Nh5 9. Ne1 f5 10. Nc2 Nhf6 11. b4 c6 12. b5 Qc7 13. bxc6 bxc6 14.
Nb5 Qb6 15. Ba3 Ne8 16. Nxd6 Qa6 17. Nxc8 Rxc8 18. Bxf8 Bxf8 19. Nb4 Bxb4 20. Rxb4 Qxa2 21. Ra4 Qb2 22. Rxa7 Nc5 23. Bf3 Nd6 24. Qa1 Qxa1 25. Rfxa1 e4 26. dxe4 fxe4 27. Bg2 Nxc4 28. Rc1 Rd8 29.
Rxc4 Rd1+ 30. Bf1 Nb3 31. Rxc6 1-0

[Event "*** Titled Tuesday Blitz"]
[Site "Chess.com"]
[Date "2021.02.09"]
[Round "8"]
[White "SanQui14"]
[Black "DenishevM"]
[Result "1-0"]
[WhiteElo "2467"]
[BlackElo "2576"]
[TimeControl "180+1"]
[EndTime "11:27:20 PST"]
[Termination "SanQui14 won by resignation"]

1. d4 Nf6 2. c4 c5 3. Nf3 cxd4 4. Nxd4 g6 5. Nc3 Bg7 6. e4 O-O 7. Be2 d6 8. O-O Nc6 9. Be3 Nxd4 10. Bxd4 a5 11.
Qd2 a4 12. f4 Qa5 13. Rad1 a3 14. b3 Bg4 15. Bxg4 Nxg4 16. Bxg7 Kxg7 17. Qd4+ f6 18. h3 Nh6 19. Nd5 Rf7 20. f5 g5 21. Rf3 Ng8 22. Rg3 Kf8 23. Qb6 Qxb6+ 24. Nxb6 Ra6 25. Nd5 Ke8 26. Nc7+ Kd7 27. Nxa6 bxa6 28.
b4 Rf8 29. Rxa3 Rc8 30. c5 1-0

[Event "*** Titled Tuesday Blitz"]
[Site "Chess.com"]
[Date "2021.02.09"]
[Round "8"]
[White "Irina_Baraeva"]
[Black "Vamostodorecto"]
[Result "1-0"]
[WhiteElo "2319"]
[BlackElo "2401"]
[TimeControl "180+1"]
[EndTime "11:27:20 PST"]
[Termination "Irina_Baraeva won by resignation"]

1. d4 Nf6 2. c4 g6 3. Nc3 d5 4. cxd5 Nxd5 5. e4 Nb6 6. Nf3 Bg7 7. Be2 O-O 8. O-O Bg4 9. Be3 Nc6 10. d5 Bxf3 11. Bxf3 Ne5 12. Be2 Nec4 13. Qc2 Nxe3 14. fxe3 a6 15. Rad1 Qd6 16. Bf3 Be5 17. h3 Nc4 18.
Rde1 b5 19. b3 Nxe3 20. Rxe3 Qc5 21. Qd2 Bf4 22. Nd1 e6 23. Kh1 exd5 24. exd5 Rae8 25. Rfe1 Bxe3 26. Nxe3 Re5 27. Ng4 Rxe1+ 28. Qxe1 Qd4 29.
Qg3 Qc3 30. Qf4 Re8 31. Nf6+ 1-0

[Event "*** Titled Tuesday Blitz"]
[Site "Chess.com"]
[Date "2021.02.09"]
[Round "8"]
[White "Azerichess"]
[Black "Bulldog167"]
[Result "1-0"]
[WhiteElo "2982"]
[BlackElo "2836"]
[TimeControl "180+1"]
[EndTime "11:27:21 PST"]
[Termination "Azerichess won by resignation"]

1. Nf3 d5 2. e3 Nf6 3. c4 e6 4. b3 c5 5. cxd5 exd5 6. Bb2 Nc6 7. Nc3 a6 8. d4 Bg4 9. Be2 Bxf3 10. Bxf3 cxd4 11. exd4 Bb4 12. O-O O-O 13. a3 Bxc3 14. Bxc3 Re8 15. Rc1 Ne4 16. Bb2 Re6 17. g3 Qd7 18. Bg4 Rae8 19. Re1 g6 20. Rxe4 dxe4 21. d5 f5 22. dxe6 Qxe6 23. Be2 Ne5 24. Bxe5 Qxe5 25. Bc4+ Kh8 26. Qd5 b5 27. Qxe5+ Rxe5 28. Be2 e3 29.
f4 Re4 30. Kg2 g5 31. fxg5 Kg7 32. Rc7+ Kg6 33. h4 Rd4 34. Rc6+ Kg7 35. Rxa6 Rd3 1-0

[Event "*** Titled Tuesday Blitz"]
[Site "Chess.com"]
[Date "2021.02.09"]
[Round "8"]
[White "JQuiroga18"]
[Black "AndrewMaco"]
[Result "0-1"]
[WhiteElo "2421"]
[BlackElo "2671"]
[TimeControl "180+1"]
[EndTime "11:27:21 PST"]
[Termination "AndrewMaco won by resignation"]

1. e4 c5 2. Nf3 d6 3. d4 cxd4 4.
Nxd4 Nf6 5. Nc3 a6 6. g3 e5 7.
Nde2 Nbd7 8. Bg2 b5 9. h3 Bb7 10. g4 b4 11. Nd5 Nxd5 12. exd5 Be7 13. O-O O-O 14. Ng3 Bg5 15. a3 a5 16. Bxg5 Qxg5 17.
Ne4 Qe7 18. Qd2 bxa3 19. Rxa3 Nb6 20. b3 Nxd5 21. Rxa5 Rxa5 22. Qxa5 Nf4 23. Re1 f5 24.
gxf5 Nxg2 25. Kxg2 Qg5+ 26. Kf1 Qxf5 0-1

[Event "*** Titled Tuesday Blitz"]
[Site "Chess.com"]
[Date "2021.02.09"]
[Round "8"]
[White "AniJak"]
[Black "JiiHart"]
[Result "1-0"]
[WhiteElo "2321"]
[BlackElo "2102"]
[TimeControl "180+1"]
[EndTime "11:27:24 PST"]
[Termination "AniJak won by resignation"]

1. e4 c5 2. Nf3 Nc6 3. d4 cxd4 4. Nxd4 Nf6 5. Nc3 d6 6. Bg5 e6 7. Qd2 a6 8. f3 Bd7 9. O-O-O Be7 10. h4 b5 11. g4 Na5 12. Kb1 Nc4 13. Bxc4 bxc4 14. Be3 Rb8 15. g5 Nh5 16. Ka1 Qc7 17. f4 Qb7 18. Rb1 Ng3 19. Rhe1 Nxe4 20. Nxe4 Qxe4 21. Bf2 Qb7 22. c3 O-O 23. f5 e5 24. f6 gxf6 25. gxf6 Bxf6 26. Rg1+ Kh8 27. Qh6 Qf3 28.
Nxf3 1-0

[Event "*** Titled Tuesday Blitz"]
[Site "Chess.com"]
[Date "2021.02.09"]
[Round "8"]
[White "lucachess49"]
[Black "vladimirdamjanovic"]
[Result "0-1"]
[WhiteElo "2349"]
[BlackElo "2519"]
[TimeControl "180+1"]
[EndTime "11:27:29 PST"]
[Termination "vladimirdamjanovic won by resignation"]

1. d4 Nc6 2. c4 e5 3. d5 Bb4+ 4.
Bd2 Bxd2+ 5. Qxd2 Nce7 6. e3 d6 7. Bd3 f5 8. f3 Nf6 9. Ne2 O-O 10. O-O a5 11. Nbc3 Bd7 12. b3 Qe8 13. a3 Ng6 14.
b4 b6 15. c5 bxc5 16. bxc5 dxc5 17. Bc4 Kh8 18. Rab1 Qe7 19. Nb5 Bxb5 20. Rxb5 Ne8 21. Rxa5 Nd6 22. Ba2 Qg5 23. f4 exf4 24. Nxf4 Nxf4 25.
exf4 Qf6 26. Rc1 Ne4 27. Qe1 Qd4+ 28. Kh1 Rxa5 0-1

[Event "*** Titled Tuesday Blitz"]
[Site "Chess.com"]
[Date "2021.02.09"]
[Round "8"]
[White "Ze-Pequeno"]
[Black "Pogosian_Manvel"]
[Result "0-1"]
[WhiteElo "2237"]
[BlackElo "2397"]
[TimeControl "180+1"]
[EndTime "11:27:30 PST"]
[Termination "Pogosian_Manvel won by checkmate"]

1. e4 c6 2. b3 d5 3. Bb2 dxe4 4.
Nc3 Nf6 5. Nge2 Bf5 6. Ng3 Bg6 7.
Qe2 e6 8. Ncxe4 Be7 9. O-O-O Nbd7 10. Kb1 a5 11. h4 h6 12. h5 Bh7 13. f4 O-O 14.
Rh3 a4 15. Nxf6+ Bxf6 16. d4 axb3 17. axb3 Qa5 18. Ne4 Bxe4 19. Qxe4 c5 20. Re3 cxd4 21. Bd3 Rfd8 22. Qh7+ Kf8 23. Rh3 Nc5 24. g4 Rdc8 25.
g5 Qa2+ 26. Kc1 Nxb3# 0-1

[Event "*** Titled Tuesday Blitz"]
[Site "Chess.com"]
[Date "2021.02.09"]
[Round "8"]
[White "Arseniy_Nesterov"]
[Black "manitodeplomo"]
[Result "1-0"]
[WhiteElo "2811"]
[BlackElo "2627"]
[TimeControl "180+1"]
[EndTime "11:27:31 PST"]
[Termination "Arseniy_Nesterov won by resignation"]

1. d4 d5 2. c4 e6 3. Nf3 Nf6 4. Nc3 dxc4 5. e4 Bb4 6. Bxc4 Nxe4 7. O-O Nxc3 8. bxc3 Be7 9. Ne5 O-O 10. Qg4 c5 11. Bf4 cxd4 12. Rad1 Nc6 13. cxd4 Na5 14. Bd3 Bd7 15.
Bxh7+ Kxh7 16. Rd3 g6 17. Rh3+ Kg7 18. Bh6+ Kg8 19.
Nxg6 1-0

[Event "*** Titled Tuesday Blitz"]
[Site "Chess.com"]
[Date "2021.02.09"]
[Round "8"]
[White "michaelshahade"]
[Black "MerryPoppies"]
[Result "0-1"]
[WhiteElo "1944"]
[BlackElo "2171"]
[TimeControl "180+1"]
[EndTime "11:27:31 PST"]
[Termination "MerryPoppies won on time"]

1. c4 Nf6 2. Nc3 e6 3. e4 d5 4. e5 d4 5. exf6 dxc3 6. bxc3 Qxf6 7. Nf3 c5 8. d4 cxd4 9. Bd3 dxc3 10. Bg5 c2 11. Bxc2 Qc3+ 12. Kf1 Qxc4+ 13. Bd3 Qd5 14. Kg1 Nc6 15. Qe2 Be7 16. Bxe7 Nxe7 17. Bb5+ Bd7 18.
Bxd7+ Qxd7 19. Rd1 Qc7 20. Rc1 Qxc1+ 0-1

[Event "*** Titled Tuesday Blitz"]
[Site "Chess.com"]
[Date "2021.02.09"]
[Round "8"]
[White "champ2005"]
[Black "Gloomy_Wanderer"]
[Result "1-0"]
[WhiteElo "3008"]
[BlackElo "2734"]
[TimeControl "180+1"]
[EndTime "11:27:35 PST"]
[Termination "champ2005 won by resignation"]

1. d4 Nf6 2. Nc3 d5 3. Bf4 c5 4. e3 cxd4 5. Nb5 Na6 6. exd4 Bd7 7. c3 g6 8. Nf3 Bg7 9. a4 O-O 10. Bd3 Nh5 11. Be3 Nc7 12. O-O a6 13. Nxc7 Qxc7 14.
Re1 Bg4 15. h3 Bxf3 16. Qxf3 Nf6 17. g3 e6 18. h4 h5 19. Bf4 Qb6 20. Re2 Rfc8 21.
a5 Qd8 22. Bg5 Rc6 23. Rae1 Rac8 24. Re5 Rb8 25. Qf4 1-0

[Event "*** Titled Tuesday Blitz"]
[Site "Chess.com"]
[Date "2021.02.09"]
[Round "8"]
[White "mbojan"]
[Black "Angel_Hranitel_37"]
[Result "0-1"]
[WhiteElo "2620"]
[BlackElo "2510"]
[TimeControl "180+1"]
[EndTime "11:27:39 PST"]
[Termination "Angel_Hranitel_37 won by resignation"]

1. Nf3 Nf6 2. g3 g6 3. Bg2 Bg7 4. O-O O-O 5. d3 d6 6. e4 e5 7. Nbd2 Nc6 8. c3 Bg4 9. h3 Be6 10. Ng5 Qe7 11. Nxe6 fxe6 12. Qb3 Rab8 13. Nc4 b5 14. Ne3 a5 15. a4 b4 16. Qc2 Qd7 17.
h4 d5 18. Bh3 d4 19. Nc4 bxc3 20. bxc3 dxc3 21. Qxc3 Nd4 22. Kg2 Qc6 23. Re1 Nd5 24. Qd2 Nb3 25. Qa2 Nxa1 26. Qxa1 Nb4 27. Nxa5 Qb6 28.
Nc4 Qxf2+ 0-1

[Event "*** Titled Tuesday Blitz"]
[Site "Chess.com"]
[Date "2021.02.09"]
[Round "8"]
[White "VladimirBugayev"]
[Black "profofchess"]
[Result "1-0"]
[WhiteElo "2289"]
[BlackElo "2401"]
[TimeControl "180+1"]
[EndTime "11:27:39 PST"]
[Termination "VladimirBugayev won by resignation"]

1. e4 e6 2. d4 d5 3. Bd3 dxe4 4. Bxe4 Nf6 5. Bf3 Bd6 6. Nd2 O-O 7. Nc4 Nc6 8. Ne2 e5 9. Bxc6 e4 10. Nxd6 Qxd6 11.
Ba4 a5 12. c3 Nd5 13. O-O f5 14. Bb3 Be6 15. Bxd5 Bxd5 16. Bf4 Qd7 17. Be5 a4 18. Qc2 Bc4 19. b3 Bd3 20. Qd2 Ra6 21. f3 axb3 22.
axb3 Rxa1 23. Rxa1 Qb5 24. Nf4 Qxb3 25. Nxd3 exd3 26.
Qxd3 Qb2 27. Rb1 Qa2 28. Re1 Qb2 29. Qc4+ Kh8 30. Qxc7 1-0

[Event "*** Titled Tuesday Blitz"]
[Site "Chess.com"]
[Date "2021.02.09"]
[Round "8"]
[White "ehrenfeld"]
[Black "CalinGheorghiu"]
[Result "1-0"]
[WhiteElo "2517"]
[BlackElo "2316"]
[TimeControl "180+1"]
[EndTime "11:27:40 PST"]
[Termination "ehrenfeld won by checkmate"]

1. e4 c5 2. Nf3 d6 3. Bc4 e6 4.
O-O Nc6 5. Re1 Nf6 6. Bb3 Be7 7. c3 O-O 8. d4 cxd4 9. cxd4 d5 10. e5 Ne4 11. Nc3 Nxc3 12. bxc3 f6 13. exf6 Bxf6 14. Bc2 Bd7 15. Qd3 g6 16. Bh6 Re8 17. Qd2 Rc8 18.
Rac1 Na5 19. Bb1 Nc4 20. Qf4 b5 21. Qg3 Kf7 22. h4 Qc7 23. Bf4 Qa5 24. h5 Rg8 25. hxg6+ hxg6 26. Ng5+ Bxg5 27. Bxg5 Rcf8 28. Qh4 Ke8 29.
Qh3 Qa3 30. Rxe6+ Kf7 31. Rce1 Bxe6 32. Qxe6+ Kg7 33. Qxg6+ Kh8 34. Qh7# 1-0

[Event "*** Titled Tuesday Blitz"]
[Site "Chess.com"]
[Date "2021.02.09"]
[Round "8"]
[White "CHENNAIBOND"]
[Black "TheSodabread"]
[Result "0-1"]
[WhiteElo "1674"]
[BlackElo "2114"]
[TimeControl "180+1"]
[EndTime "11:27:41 PST"]
[Termination "TheSodabread won by checkmate"]

1. e4 d5 2. exd5 Nf6 3. Nf3 Nxd5 4. d4 Bg4 5. Be2 e6 6. O-O Nc6 7. c4 Nb6 8. Be3 Be7 9. Nc3 O-O 10. b3 Bf6 11.
Rc1 Rb8 12. c5 Nd5 13. Nxd5 Qxd5 14. Bc4 Bxf3 15. Bxd5 Bxd1 16. Bxc6 Bg4 17. Be4 c6 18. Bf4 Rbd8 19. Bd6 Rfe8 20. f3 Bxd4+ 21. Kh1 Bh5 22. Rfd1 e5 23. g4 Bg6 24. Bxg6 hxg6 25. f4 f6 26. b4 b6 27. Kg2 bxc5 28. bxc5 Kf7 29. Rb1 Rd7 30. Rb3 Red8 31. Rdb1 exf4 32. Rb7 g5 33.
Kf3 Be5 34. Bxe5 fxe5 35. Ke4 Ke6 36. a3 Rd3 37. R7b4 Re3# 0-1

[Event "*** Titled Tuesday Blitz"]
[Site "Chess.com"]
[Date "2021.02.09"]
[Round "8"]
[White "SaqoChess_Twitch"]
[Black "KarateBaby"]
[Result "1/2-1/2"]
[WhiteElo "2546"]
[BlackElo "2409"]
[TimeControl "180+1"]
[EndTime "11:27:43 PST"]
[Termination "Game drawn by agreement"]

1. d4 g6 2. e3 Bg7 3. Nf3 Nf6 4. Be2 O-O 5. O-O d6 6. Nbd2 Nbd7 7. b3 e5 8. dxe5 Ng4 9. Bb2 Ngxe5 10. Qc1 b6 11. Nxe5 Nxe5 12. Nf3 Bb7 13. Nxe5 Bxe5 14. Bxe5 dxe5 15.
Rd1 Qe7 16. c4 Rad8 17. Qc3 a5 18. Rxd8 Rxd8 19. Rd1 Rxd1+ 20. Bxd1 Qd6 21. Qc2 f5 22. Bf3 Bxf3 23. gxf3 f4 24. Kg2 Kf7 25. Qe4 fxe3 26.
fxe3 Qe6 27. Qd5 Qxd5 28. cxd5 Ke7 29. e4 Kd6 30. Kg3 c6 31. dxc6 Kxc6 32. f4 exf4+ 33. Kxf4 Kd6 34. h4 Ke6 35. a3 b5 36. a4 bxa4 37.
bxa4 h6 38. Kf3 Ke5 39. Ke3 g5 40. hxg5 hxg5 41. Kf3 Kd4 42. Kg4 Kxe4 43. Kxg5 Kd4 44. Kf4 Kc4 45. Ke3 Kb4 46. Kd2 Kxa4 47. Kc1 Ka3 48.
Kb1 1/2-1/2

[Event "*** Titled Tuesday Blitz"]
[Site "Chess.com"]
[Date "2021.02.09"]
[Round "8"]
[White "ChessQueen"]
[Black "theultimatehunter"]
[Result "1-0"]
[WhiteElo "2785"]
[BlackElo "2251"]
[TimeControl "180+1"]
[EndTime "11:27:44 PST"]
[Termination "ChessQueen won by resignation"]

1. e4 e5 2. Nf3 Nc6 3. Bb5 a6 4.
Ba4 Nf6 5. d4 exd4 6. O-O b5 7.
Bb3 Nxe4 8. Re1 d5 9. Ng5 Be7 10. Rxe4 O-O 11. Rxe7 Nxe7 12. Qxd4 c6 13. c3 Bf5 14.
Be3 Bg6 15. Nd2 Nf5 16. Qf4 Nxe3 17. fxe3 Qe7 18. Re1 Rae8 19. Ngf3 Qc5 20. Qd4 Qd6 21. Nh4 Be4 22. Nhf3 c5 23. Nxe4 Rxe4 24. Qxd5 Qg6 25.
Bc2 1-0

[Event "*** Titled Tuesday Blitz"]
[Site "Chess.com"]
[Date "2021.02.09"]
[Round "8"]
[White "KafkaesqueKnight"]
[Black "DanielDardha2005"]
[Result "0-1"]
[WhiteElo "2203"]
[BlackElo "2710"]
[TimeControl "180+1"]
[EndTime "11:27:45 PST"]
[Termination "DanielDardha2005 won by resignation"]

1. d4 Nf6 2. c4 e6 3. Nf3 d5 4. Nc3 Bb4 5. Bg5 h6 6. Qa4+ Nc6 7. Bxf6 Qxf6 8. e3 Bd7 9. Qc2 O-O 10. Be2 dxc4 11.
O-O Bxc3 12. bxc3 b5 13. e4 e5 14. d5 Ne7 15. a4 a6 16. Qd2 Qd6 17. Rfe1 c6 18.
Bf1 cxd5 19. exd5 f6 20. Rad1 Rfd8 21. Nh4 Be8 22. f4 exf4 23. Rxe7 Qxe7 24. Qxf4 Qe5 25.
Qxe5 fxe5 26. d6 Rab8 27. a5 Rbc8 28. Rd5 Bf7 29. Rd2 Be6 30. g3 Rc6 31. Re2 Rcxd6 32. Rxe5 Rf8 33. Bg2 Rd1+ 0-1

[Event "*** Titled Tuesday Blitz"]
[Site "Chess.com"]
[Date "2021.02.09"]
[Round "8"]
[White "TomasKapitanchuk"]
[Black "The_filthy"]
[Result "1-0"]
[WhiteElo "2515"]
[BlackElo "2296"]
[TimeControl "180+1"]
[EndTime "11:27:48 PST"]
[Termination "TomasKapitanchuk won by resignation"]

1. e4 e6 2. d4 d5 3. Nd2 Nf6 4. e5 Nfd7 5. Bd3 c5 6. c3 Nc6 7.
Ne2 cxd4 8. cxd4 f6 9. exf6 Nxf6 10. Nf3 Bd6 11. O-O Qc7 12. h3 O-O 13. Be3 Bd7 14. Re1 Nh5 15. Nc3 a6 16. Bxh7+ Kxh7 17. Ng5+ Kg6 18.
Qd3+ Rf5 19. g4 Nb4 20. gxf5+ exf5 21. Qb1 Bf4 22. Nf3 Bxe3 23. Ne5+ Kh7 24. Rxe3 Be6 25. a3 Nc6 26. Qd1 g6 27. Nf3 Qf4 28. Rxe6 Rf8 29.
Qd3 Ng3 30. fxg3 Qxg3+ 31. Kf1 Nxd4 32. Qxd4 Qxf3+ 33. Qf2 Qh1+ 34. Qg1 Qf3+ 35. Ke1 d4 36. Qxg6+ Kh8 37. Qh6+ 1-0

[Event "*** Titled Tuesday Blitz"]
[Site "Chess.com"]
[Date "2021.02.09"]
[Round "8"]
[White "mjray79"]
[Black "andy_rekt"]
[Result "1-0"]
[WhiteElo "2478"]
[BlackElo "2236"]
[TimeControl "180+1"]
[EndTime "11:27:48 PST"]
[Termination "mjray79 won by resignation"]

1. d4 f5 2. Nc3 Nf6 3. Bg5 d5 4. Bxf6 exf6 5. e3 c6 6. Bd3 Bd6 7. Qf3 g6 8. Nge2 O-O 9. h4 h5 10. Nf4 Qe8 11. Ncxd5 Nd7 12. Nc3 Nb6 13. O-O-O Bd7 14.
Qg3 Bxf4 15. Qxf4 Qf7 16. f3 Be6 17. Rdg1 Bxa2 18. g4 fxg4 19. fxg4 hxg4 20. Nxa2 Qxa2 21. Qxg4 Rf7 22. Qxg6+ Kf8 23. Qg8+ Ke7 24. Qg3 Qa1+ 25. Kd2 Qxb2 26. Qc7+ Nd7 27. Rb1 Qa2 28. Rxb7 Rd8 29. Qxc6 Rg7 30. Qc5+ Ke8 31. Qc6 Qa5+ 32. Ke2 Qh5+ 33.
Kf2 f5 34. Qe6+ Re7 35. Qg8+ Nf8 36. Bb5+ Rdd7 37. Bxd7+ Rxd7 38. Rb8+ 1-0

[Event "*** Titled Tuesday Blitz"]
[Site "Chess.com"]
[Date "2021.02.09"]
[Round "8"]
[White "salomez"]
[Black "Piotrek1979"]
[Result "0-1"]
[WhiteElo "2208"]
[BlackElo "2385"]
[TimeControl "180+1"]
[EndTime "11:27:53 PST"]
[Termination "Piotrek1979 won by resignation"]

1. e4 c6 2. d4 d5 3. e5 Bf5 4.
Nf3 e6 5. Be2 Ne7 6. O-O Nd7 7.
Nbd2 h6 8. Nb3 b6 9. a4 a5 10. c4 dxc4 11. Bxc4 Nd5 12. Be3 Bb4 13. Rc1 O-O 14. Bd3 Bxd3 15. Qxd3 Rc8 16. Nfd2 Be7 17.
Ne4 Nb4 18. Qe2 Nb8 19. Nbd2 N8a6 20. Nc4 Rb8 21. Rfd1 Nc7 22. Ncd6 f5 23. exf6 Bxd6 24. fxg7 Rf5 25. Bxh6 Bxh2+ 26. Kxh2 Qh4+ 27. Kg1 Qxh6 28. Ng3 Rg5 29. f4 Rxg3 30. Qe5 Qxg7 0-1

[Event "*** Titled Tuesday Blitz"]
[Site "Chess.com"]
[Date "2021.02.09"]
[Round "8"]
[White "ZarinaShafigullina"]
[Black "andriipalchuk"]
[Result "1-0"]
[WhiteElo "2439"]
[BlackElo "2558"]
[TimeControl "180+1"]
[EndTime "11:27:55 PST"]
[Termination "ZarinaShafigullina won by resignation"]

1. d4 Nf6 2. Nf3 e6 3. g3 d5 4. Bg2 Be7 5. O-O b5 6. Qd3 Ba6 7. Ne5 O-O 8. Bg5 b4 9. Qd1 c5 10. a3 cxd4 11. axb4 Bxb4 12. Qxd4 Be7 13. c4 h6 14.
Bxf6 Bxf6 15. cxd5 Bb7 16. e4 Nd7 17. f4 exd5 18.
exd5 Re8 19. Re1 Qb6 20. Qxb6 Nxb6 21. Nc3 Bxe5 22. fxe5 Nc4 23. e6 fxe6 24. dxe6 Bxg2 25. Kxg2 Nxb2 26. Nb5 Re7 27. Nd4 Nd3 28. Re3 Nc5 29.
Rc1 Nb7 30. Nf5 Ree8 31. Rc7 Rab8 1-0

[Event "*** Titled Tuesday Blitz"]
[Site "Chess.com"]
[Date "2021.02.09"]
[Round "8"]
[White "Sergey85Rodchenkov"]
[Black "Fortitudine"]
[Result "1-0"]
[WhiteElo "2488"]
[BlackElo "2336"]
[TimeControl "180+1"]
[EndTime "11:27:55 PST"]
[Termination "Sergey85Rodchenkov won by resignation"]

1. e4 c5 2. Nf3 d6 3. d4 cxd4 4. Nxd4 Nf6 5. Nc3 Nc6 6. Bc4 Qb6 7. Ndb5 Bg4 8. f3 Bd7 9. Qe2 a6 10. Be3 Qa5 11. Nd4 b5 12. Bb3 e6 13. O-O-O Be7 14. g4 Rc8 15. g5 Nh5 16. f4 g6 17.
f5 Nxd4 18. Rxd4 Rxc3 19. bxc3 Qxc3 20. Kb1 Bxg5 21. Rd3 Qf6 22. Bxg5 Qxg5 23. Rxd6 Ke7 24. Rhd1 Rd8 25. fxe6 fxe6 26. e5 Nf4 27. Qe3 Qf5 28.
Qc5 Nd5 29. R6xd5+ 1-0

[Event "*** Titled Tuesday Blitz"]
[Site "Chess.com"]
[Date "2021.02.09"]
[Round "8"]
[White "SharapovEvgeny"]
[Black "olksuna"]
[Result "1/2-1/2"]
[WhiteElo "2460"]
[BlackElo "2669"]
[TimeControl "180+1"]
[EndTime "11:27:58 PST"]
[Termination "Game drawn by agreement"]

1. c4 c5 2. Nc3 Nf6 3. Nf3 e6 4.
d4 cxd4 5. Nxd4 Bb4 6. Bd2 Nc6 7. e3 O-O 8. Be2 d5 9. cxd5 exd5 10. O-O Bd6 11. Nxc6 bxc6 12. g3 Bh3 13. Re1 Re8 14. Bf3 Be5 15. Qc2 h5 16. Rac1 h4 17. Ne2 hxg3 18. hxg3 Rc8 19. Bc3 c5 20. Red1 Qe7 21. Qb3 c4 22. Qc2 Rcd8 23. Bxe5 Qxe5 24. Rd4 Bf5 25. Qd1 Be4 26. Nc3 Bxf3 27. Qxf3 Ne4 28. Nxe4 dxe4 29. Qd1 Rxd4 30. Qxd4 Qxd4 31. exd4 Rb8 32.
Rxc4 Rxb2 33. Rc8+ Kh7 34. Rc7 Rxa2 35. Rxf7 Rd2 36.
Rxa7 Rxd4 1/2-1/2

[Event "*** Titled Tuesday Blitz"]
[Site "Chess.com"]
[Date "2021.02.09"]
[Round "8"]
[White "onnoelgersma"]
[Black "Akhayan"]
[Result "0-1"]
[WhiteElo "2439"]
[BlackElo "2311"]
[TimeControl "180+1"]
[EndTime "11:27:59 PST"]
[Termination "Akhayan won by resignation"]

1. e4 e6 2. Nf3 d5 3. Nc3 Nf6 4.
Qe2 dxe4 5. Nxe4 Nc6 6. g3 Be7 7. Bg2 O-O 8. O-O e5 9. d3 Bg4 10. c3 Qd7 11. Nxf6+ Bxf6 12. Rd1 Rad8 13. Be3 Rfe8 14. a4 h6 15. a5 Nd4 16. Nxd4 Bxe2 17. Nxe2 Qg4 18. Kf1 b6 19. axb6 axb6 20. Ra7 c5 21. h3 Qf5 22. g4 Qg6 23. Bc6 Re7 24. Ra4 Bg5 25. Be4 Qf6 26. Bxg5 hxg5 27. Ng3 g6 28.
Kg2 Kg7 29. Ra7 Rxa7 0-1

[Event "*** Titled Tuesday Blitz"]
[Site "Chess.com"]
[Date "2021.02.09"]
[Round "8"]
[White "frederiksvane"]
[Black "DonPreuss"]
[Result "1-0"]
[WhiteElo "2719"]
[BlackElo "2256"]
[TimeControl "180+1"]
[EndTime "11:28:00 PST"]
[Termination "frederiksvane won by resignation"]

1. e4 Nc6 2. d4 e5 3. d5 Nce7 4. h4 f5 5. Nc3 d6 6. Bd3 f4 7. g3 fxg3 8. fxg3 h5 9. Bg5 Bg4 10. Be2 Qd7 11. Bxg4 Qxg4 12. Qxg4 hxg4 13. Nd1 Nf6 14.
Bxf6 gxf6 15. Ne3 Rg8 16. Ne2 Bh6 17. Nf5 Nxf5 18. exf5 Ke7 19. Nc3 c5 20. Ke2 a6 21.
a4 b6 22. Kd3 Rh8 23. Rhe1 Rhb8 24. Re4 Rg8 25. Nd1 Rg7 26. c4 Rag8 27. Ra3 Kd7 28. a5 b5 29. b4 Rb8 30. cxb5 axb5 31. Nc3 Rgg8 32. a6 c4+ 33. Kc2 Rb6 34. a7 Ra8 35. Ra5 Rb7 36. Nxb5 Bf8 37. Rxg4 Rb6 38. Rxc4 Bh6 39. Rc7+ 1-0